 Dungeon Crawl Stone Soup version 0.30-a0-322-g102857c98e (webtiles) character file.

Game seed: 13290129952820448387

224939 nono the Tortoise (level 18, -40/173 HPs)
             Began as an Armataur Fighter on Oct 25, 2022.
             Was the Champion of the Shining One.
             Killed from afar by an ironbound thunderhulk (46 damage)
             ... with a bolt of lightning
             ... on level 3 of the Vaults on Oct 27, 2022.
             The game lasted 01:42:59 (38407 turns).

nono the Tortoise (Armataur Fighter)               Turns: 38407, Time: 01:43:03

Health: -40/173    AC: 41    Str: 33    XL:     18   Next: 60%
Magic:  27/27      EV:  5    Int:  8    God:    the Shining One [******]
Gold:   2587       SH: 24    Dex: 11    Spells: 17/17 levels left

rFire   + + +      SeeInvis .    a - +9 sacred scourge (holy)
rCold   + + .      Faith    .    C - +0 kite shield
rNeg    + + +      Spirit   .    i - +5 gold dragon scales
rPois   +          Reflect  .    S - +0 helmet
rElec   .          Harm     .    O - +2 cloak {Will+}
rCorr   .          Roll     +    T - +2 pair of gloves {hurl}
Will    ++++.                    P - +0 barding of the Snake Pit {rC+ Will++ Str+4}
Stlth   ..........               L - amulet of regeneration
HPRegen 1.28/turn                N - ring of protection from fire
MPRegen 0.20/turn                w - ring of protection from fire

@: divinely shielded, glowing
A: large, rugged brown scales 3, deformed body, armoured tail, roll, long
tongue, awkward tongue
}: 1/15 runes: decaying
a: Renounce Religion, Divine Shield, Cleansing Flame, Summon Divine Warrior


You were on level 3 of the Vaults.
You worshipped the Shining One.
The Shining One was exalted by your worship.
You visited 6 branches of the dungeon, and saw 30 of its levels.
You also visited: Sewer and Volcano.

You collected 3379 gold pieces.
You spent 792 gold pieces at shops.

Inventory:

Hand Weapons
 a - a +9 sacred scourge of holy wrath (weapon)
 b - a +2 vorpal eveningstar
Missiles
 F - 3 throwing nets (quivered)
Armour
 i - +5 gold dragon scales (worn)
 C - a +0 kite shield (worn)
 G - a scarf of resistance
 O - a +2 cloak of willpower (worn)
 P - the +0 barding of the Snake Pit (worn) {rC+ Will++ Str+4}
   (You acquired it on level 11 of the Dungeon)

   Str:       It affects your strength (+4).
   rC:        It protects you from cold.
   Will:      It greatly increases your willpower.
 R - the +6 scale mail of the Moneychanger {rElec Int+5 Dex-3}
   (You found it on level 2 of the Vaults)

   Int:       It affects your intelligence (+5).
   Dex:       It affects your dexterity (-3).
   rElec:     It insulates you from electricity.
 S - a +0 helmet (worn)
 T - a +2 pair of gloves of hurling (worn)
Jewellery
 c - a ring of flight
 f - an amulet of faith
 o - a ring of willpower
 r - a ring of positive energy
 u - an amulet of reflection
 w - a ring of protection from fire (right hand)
 y - the dreamshard necklace {*Dream Drain}
   (You found it on level 1 of the Lair of Beasts)

   [amulet of nothing]

   It shatters if its wearer takes lethal or near-lethal damage, preventing the
   blow and releasing protective dreams that heal and fight for the wearer.
   Drain:     It drains your maximum health when unequipped.
 A - an amulet of the acrobat
 I - an amulet of guardian spirit
 J - a ring of see invisible
 L - an amulet of regeneration (around neck)
 N - a ring of protection from fire (left hand)
 Q - a +4 ring of protection
 Y - a ring of willpower
Wands
 d - a wand of quicksilver (15)
 k - a wand of digging (4)
 p - a wand of paralysis (3)
 D - a wand of mindburst (21)
 H - a wand of iceblast (25)
Scrolls
 e - 2 scrolls of poison
 h - 10 scrolls of teleportation
 q - 8 scrolls of butterflies
 s - 3 scrolls of immolation
 K - 7 scrolls of blinking
 V - 3 scrolls of magic mapping
 X - a scroll of silence
 Z - 4 scrolls of fear
Potions
 g - 6 potions of curing
 j - 4 potions of heal wounds
 l - 4 potions of magic
 m - 4 potions of cancellation
 n - 5 potions of invisibility
 t - 4 potions of flight
 v - 5 potions of lignification
 x - 4 potions of berserk rage
 z - 3 potions of might
 B - a potion of mutation
 E - 7 potions of haste
 M - a potion of ambrosia
 U - 2 potions of attraction
 W - 5 potions of brilliance


   Skills:
 - Level 14.9 Fighting
 - Level 14.7 Maces & Flails
 - Level 18.9 Armour
 + Level 7.0 Dodging
 - Level 17.5 Shields
 - Level 12.4 Invocations


You had 17 spell levels left.
You didn't know any spells.
Your spell library contained the following spells:

 Spells                   Type           Power      Damage    Failure   Level
 Apportation              Tloc           0%         N/A       99%         1
 Freeze                   Ice            0%         1d3       99%         1
 Necrotise                Necr           0%         1d4       99%         1
 Sting                    Tmut/Pois      0%         1d3       99%         1
 Summon Small Mammal      Summ           0%         N/A       99%         1
 Cigotuvi's Dreadful Rot  Necr/Pois/Air  0%         N/A       100%        2
 Ensorcelled Hibernation  Hex/Ice        0%         N/A       100%        2
 Poisonous Vapours        Pois/Air       0%         N/A       100%        2
 Scorch                   Fire           0%         2d5       100%        2
 Static Discharge         Conj/Air       0%         2-2/arc   100%        2
 Sublimation of Blood     Necr           0%         N/A       100%        2
 Wereblood                Tmut           0%         N/A       100%        2
 Frozen Ramparts          Ice            0%         1d1       100%        3
 Hailstorm                Conj/Ice       0%         3d3       100%        3
 Ignite Poison            Fire/Tmut/Pois 0%         N/A       100%        3
 Inner Flame              Hex/Fire       0%         N/A       100%        3
 Mephitic Cloud           Conj/Pois/Air  0%         N/A       100%        3
 Spider Form              Tmut/Pois      0%         N/A       100%        3
 Stone Arrow              Conj/Erth      0%         3d7       100%        3
 Vhi's Electric Charge    Tloc/Air       0%         N/A       100%        3
 Anguish                  Hex/Necr       0%         N/A       100%        4
 Animate Armour           Summ/Erth      0%         N/A       100%        4
 Cause Fear               Hex            0%         N/A       100%        4
 Flame Wave               Conj/Fire      0%         2d4       100%        4
 Leda's Liquefaction      Hex/Erth       0%         N/A       100%        4
 Passage of Golubria      Tloc           0%         N/A       100%        4
 Petrify                  Tmut/Erth      0%         N/A       100%        4
 Sticky Flame             Conj/Fire      0%         2d3       100%        4
 Alistair's Intoxication  Tmut/Pois      0%         N/A       100%        5
 Arcjolt                  Conj/Air       0%         1d10      100%        5
 Borgnjor's Vile Clutch   Necr/Erth      0%         N/A       100%        5
 Lee's Rapid Deconstruct  Erth           0%         3d4*      100%        5
 Lightning Bolt           Conj/Air       0%         1d11      100%        5
 Metabolic Englaciation   Hex/Ice        0%         N/A       100%        5
 Silence                  Hex/Air        0%         N/A       100%        5
 Eringya's Noxious Bog    Tmut/Pois      0%         N/A       100%        6
 Statue Form              Tmut/Erth      0%         N/A       100%        6
 Summon Cactus Giant      Summ           0%         N/A       100%        6
 Dragon Form              Tmut           0%         N/A       100%        7
 Summon Hydra             Summ           0%         N/A       100%        7
 Ignition                 Fire           0%         3d3       100%        8
 Lehudib's Crystal Spear  Conj/Erth      0%         10d2      100%        8
 Dragon's Call            Summ           0%         N/A       100%        9


Dungeon Overview and Level Annotations

Branches:
Dungeon (15/15)            Temple (1/1) D:5            Lair (5/5) D:11
  Swamp (4/4) Lair:3        Snake (0/4) Lair:2        Slime (0/5) Lair:4
    Orc (2/2) D:12            Elf (0/3) Orc:2        Vaults (3/5) D:14
 Depths (0/4) D:15          Sewer (visited)         Volcano (visited)
  Crypt: Vaults:2-3

Altars:
Cheibriados
Elyvilon
Fedhas
Hepliaklqana
Makhleb
Nemelex Xobeh
Okawaru
Qazlal
Ru
Sif Muna
Trog
Wu Jian
Xom
Yredelemnul
Zin
The Shining One
Jiyva

Shops:
D:11 [(*[   Orc:2 *[:(

Portals:
Trove: D:13 (give 11 potions of heal wounds)

Annotations:
Lair:4 1 runed translucent door


Innate Abilities, Weirdness & Mutations

You are completely covered in rugged brown scales. (AC +3, +7% HP)
Armour fits poorly on your strangely shaped body.
You have a long armoured tail.
You roll when moving toward enemies. (Rampage)
Your long tongue fully drains potion bottles. (2x potion effects)
Your tongue gives you trouble enunciating. (1.5x scroll delay)


Message History

You block the eight-headed hydra's attack. x2
The eight-headed hydra bites you but does no damage. x2
The ironbound thunderhulk completely misses you.
You hit Bai Suzhen but do no damage.
You tail-slap Bai Suzhen, but do no damage.
Bai Suzhen is almost dead.
You are standing in a thunderstorm.
The eight-headed hydra disappears in a puff of smoke!
You block Bai Suzhen's attack.
Bai Suzhen claws you but does no damage.
Bai Suzhen tramples you but does no damage.
You hit Bai Suzhen but do no damage.
You tail-slap Bai Suzhen, but do no damage.
Bai Suzhen is almost dead.
You are standing in a thunderstorm.
Strange energies crackle from the ironbound thunderhulk's apparatus.
The ironbound thunderhulk blinks!
You block Bai Suzhen's attack. Bai Suzhen closely misses you.
You block Bai Suzhen's attack.
You hit Bai Suzhen.
Bai Suzhen is almost dead.
You are standing in a thunderstorm.
You hit Bai Suzhen. You tail-slap Bai Suzhen!
You kill Bai Suzhen!
You are standing in a thunderstorm.
Electricity crackles from the ironbound thunderhulk's apparatus.
The bolt of lightning hits you!!!
* * * LOW HITPOINT WARNING * * *
A deep troll comes into view.
Your Dodging skill increases to level 7!
Blink to where?
Press: ? - help, Dir - move target As you slowly read the scroll of blinking, it crumbles to dust.
You slurp down every last drop of the 7 potions of curing!
You feel better.
Electricity crackles from the ironbound thunderhulk's apparatus.
The bolt of lightning hits you!!!
* * * LOW HITPOINT WARNING * * *
Electricity crackles from the ironbound thunderhulk's apparatus.
The bolt of lightning hits you!!!
You die...

##+#####~....#
...p..)O~....#
......§§T...O#
########.....#
#.....#
#.....#
#.....#
#.....#
#.@...#
#.....#
#.....#
#.....#
#.....#
####.....#
.........#
.........#
.........#


You could see 2 ironbound thunderhulks and a deep troll.

Vanquished Creatures
  Mara (Swamp:3)
  Bai Suzhen (Vaults:3)
  Nikola (Swamp:1)
  Jorgrun (Orc:2)
  The ghost of Nuxue the Conqueror, a journeyman OgIE of Ru (Swamp:4)
  3 thorn hunters (Swamp:4)
  Kirke (Lair:5)
  2 fenstrider witches
  A ghoul (Swamp:4)
  2 orc warlords
  5 ironbound preservers
  4 ironbound thunderhulks
  A stone giant (Orc:2)
  3 bunyips
  2 eleionomae (Swamp:3)
  7 dire elephants (Vaults:1)
  3 ettins (Orc:2)
  2 crystal guardians (Vaults:2)
  Snorg (D:11)
  Josephine (D:11)
  7 yaktaur captains
  A shambling mangrove (Swamp:4)
  2 great orbs of eyes (Vaults:1)
  Fannar (Orc:1)
  A peacekeeper (Vaults:2)
  A rakshasa (D:15)
  9 hydras
  2 ogre magi
  2 spriggan air magi (Swamp:4)
  6 ironbound frosthearts
  Harold (Lair:1)
  3 catoblepae
  2 ghost crabs
  15 centaur warriors
  Erica (D:8)
  9 alligators
  12 two-headed ogres
  9 death yaks
  A deep troll shaman (Lair:5)
  Urug (D:13)
  3 boulder beetles
  2 tengu warriors
  3 spriggan berserkers (Swamp:4)
  A titan skeleton (Vaults:1)
  A soul eater (Swamp:4)
  A sixfirhy (Swamp:4)
  4 goliath frogs
  4 skeletal warriors (D:12)
  A glowing orange brain (D:15)
  6 spriggan druids
  4 swamp dragons
  A deep troll (shapeshifter) (D:13)
  4 wizards
  2 bog bodies
  15 deep trolls
  9 ironbound convokers
  15 lindwurms
  9 orc knights
  5 harpies
  2 deep elf zephyrmancers (Swamp:4)
  A stone giant zombie (Vaults:1)
  4 necromancers
  A deep elf archer (Volcano)
  10 deep elf pyromancers
  A will-o-the-wisp (Swamp:2)
  24 ugly things
  4 manticores
  10 cyclopes
  3 orc sorcerers
  A mana viper (shapeshifter) (D:15)
  17 elephants
  2 human skeletons
  2 black mambas (Lair:5)
  A torpor snail (Lair:1)
  A fire giant skeleton (Vaults:3)
  7 vault sentinels
  Maggie (D:9)
  A gargoyle (D:13)
  A rime drake (Lair:4)
  3 kobold demonologists
  26 cane toads
  15 yaktaurs
  The ghost of ahrifag the Insei, a novice OpTm (D:4)
  A hellwing (Swamp:4)
  An efreet (D:8)
  13 komodo dragons
  7 trolls
  3 hydra zombies (Swamp:1)
  A yaktaur skeleton (Vaults:3)
  12 polar bears
  6 tyrant leeches
  A meliai (shapeshifter) (D:8)
  3 meliai (D:15)
  5 hornets
  A wind drake (shapeshifter) (Vaults:1)
  10 dream sheep
  Prince Ribbit (D:8)
  9 blink frogs
  21 slime creatures
  A raiju (shapeshifter) (D:8)
  Sigmund (D:2)
  2 water elementals (D:14)
  5 wraiths
  5 spriggans
  3 fire elementals (Volcano)
  7 wyverns
  2 vampires
  A golden eye (shapeshifter) (D:13)
  43 yaks
  13 vampire mosquitoes
  5 hogs
  9 basilisks
  A steam dragon (D:4)
  12 swamp worms
  A warg (Orc:2)
  4 nagas (Lair:2)
  An acid dragon (D:13)
  16 water moccasins
  3 hell hounds (Volcano)
  Duvessa (D:7)
  17 orc warriors
  2 swamp drakes
  Pargi (Sewer)
  A sky beast (D:8)
  2 ice beasts
  5 ogres
  6 black bears
  16 wolves
  7 centaurs
  A phantom (D:6)
  8 kobold brigands
  19 bullfrogs
  A gnoll sergeant (D:10)
  6 scorpions
  A necrophage (D:8)
  A wight (D:8)
  Dowan (D:7)
  2 killer bees (D:8)
  5 howler monkeys
  4 electric eels
  A human simulacrum (Vaults:1)
  4 jellies
  2 gnoll boudas (D:8)
  7 orc priests
  9 hounds
  3 iguanas
  18 orc wizards
  9 adders
  17 gnolls
  A river rat (D:4)
  A shadow imp (D:6)
  A white imp (D:6)
  An ufetubus (D:5)
  A worm (D:4)
  4 dart slugs (D:2)
  70 orcs
  9 ball pythons
  7 bats
  7 endoplasms
  A giant cockroach (D:4)
  16 goblins
  6 hobgoblins
  4 jackals (D:5)
  5 quokkas
  6 frilled lizards
  35 kobolds
  6 rats
  3 briar patches (Lair:1)
949 creatures vanquished.

Vanquished Creatures (collateral kills)
  A tentacled monstrosity (Swamp:4)
  A thorn hunter (Swamp:4)
  2 fenstrider witches (Swamp:4)
  A reaper (Swamp:4)
  A blizzard demon (Swamp:4)
  A spriggan air mage (Swamp:4)
  3 hydras (Swamp:4)
  3 alligators (Swamp:4)
  A soul eater (Swamp:4)
  A sixfirhy (Swamp:4)
  A spriggan druid (Swamp:4)
  A wizard (Swamp:4)
  A will-o-the-wisp (Swamp:4)
  2 orange demons (Swamp:4)
  A hellwing (Swamp:4)
  2 tyrant leeches (Swamp:4)
  2 hornets (Swamp:4)
  2 spriggans (Swamp:4)
27 creatures vanquished.

Vanquished Creatures (others)
  2 bloated husks (Swamp:1)
  A wight (D:8)
  A dart slug (D:4)
  4 briar patches (Lair:1)
  A bush (Lair:5)
  8 foxfires (Swamp:2)
  50 fungi
  27 plants
94 creatures vanquished.

Grand Total: 1070 creatures vanquished

Notes
Turn   | Place    | Note
-------+----------+-------------------------------------------
     0 | D:1      | nono the Armataur Fighter began the quest for the Orb.
     0 | D:1      | Reached XP level 1. HP: 19/19 MP: 1/1
   200 | D:1      | Got Sif Muna's Compilation of Blight and Grit
   298 | D:1      | Reached XP level 2. HP: 26/26 MP: 2/2
   428 | D:1      | You fall into a shaft and drop 1 floor!
   501 | D:2      | Noticed Sigmund
   516 | D:2      | Killed Sigmund
   517 | D:2      | Reached skill level 4 in Armour
   517 | D:2      | Reached XP level 3. HP: 15/33 MP: 3/3
   517 | D:2      | Reached XP level 4. HP: 18/40 MP: 4/4
   517 | D:2      | Reached XP level 5. HP: 21/48 MP: 5/5
   753 | D:1      | Found a faded altar of an unknown god.
  1408 | D:2      | Found a bloodstained altar of Trog.
  1494 | D:2      | Reached skill level 5 in Armour
  1977 | D:3      | Reached XP level 6. HP: 46/55 MP: 6/6
  2270 | D:3      | Reached skill level 5 in Shields
  3054 | D:4      | Found a burning altar of Makhleb.
  3054 | D:4      | Found a hazy altar of Hepliaklqana.
  3055 | D:4      | Found a bloodstained altar of Trog.
  3055 | D:4      | Found an iron altar of Okawaru.
  3056 | D:4      | Found a shimmering blue altar of Sif Muna.
  3243 | D:4      | Noticed ahrifag's ghost (novice OpTm)
  3244 | D:4      | Found a runed translucent gate.
  3244 | D:4      | Found a runed translucent gate.
  3245 | D:4      | Found a runed translucent gate.
  3294 | D:4      | Reached XP level 7. HP: 59/64 MP: 7/7
  3306 | D:4      | Noticed a steam dragon
  3488 | D:4      | Found a glowing drain.
  3495 | Sewer    | Entered a sewer
  3546 | Sewer    | Noticed Pargi
  3577 | Sewer    | Killed Pargi
  4078 | D:4      | Reached skill level 6 in Armour
  4184 | D:5      | Entered Level 5 of the Dungeon
  4944 | D:5      | Found a staircase to the Ecumenical Temple.
  4958 | D:5      | Reached skill level 5 in Fighting
  4964 | Temple   | Entered the Ecumenical Temple
  4976 | Temple   | Became a worshipper of the Shining One
  5003 | D:5      | Reached XP level 8. HP: 60/72 MP: 8/8
  5436 | D:6      | Found a blossoming altar of Fedhas.
  5638 | D:5      | Reached skill level 7 in Armour
  5975 | D:6      | Reached skill level 5 in Maces & Flails
  6494 | D:6      | Reached XP level 9. HP: 56/80 MP: 9/9
  6861 | D:6      | Reached skill level 8 in Armour
  7034 | D:7      | Found a snail-covered altar of Cheibriados.
  7035 | D:7      | Found a shimmering altar of Xom.
  7178 | D:7      | Identified the +9 quarterstaff "Soesuh" {freeze, +Blink
                  | Str+5 Int+4}
  7214 | D:7      | Found an ornate altar of the Wu Jian Council.
  7338 | D:7      | Reached * piety under the Shining One
  7591 | D:7      | Noticed Duvessa
  7595 | D:7      | Noticed Dowan
  7614 | D:7      | Killed Duvessa
  7616 | D:7      | Killed Dowan
  7902 | D:7      | Found a white marble altar of Elyvilon.
  7902 | D:7      | Found a stormy altar of Qazlal.
  8088 | D:8      | Reached skill level 1 in Invocations
  8377 | D:8      | Reached skill level 9 in Armour
  8595 | D:8      | Noticed Erica
  8607 | D:8      | Killed Erica
  8608 | D:8      | Reached XP level 10. HP: 52/92 MP: 8/12
  9494 | D:9      | Noticed Maggie
  9506 | D:9      | Killed Maggie
  9651 | D:8      | Noticed Prince Ribbit
  9660 | D:8      | Killed Prince Ribbit
  9867 | D:8      | Noticed a tengu warrior
  9871 | D:8      | Noticed a manticore
  9885 | D:8      | Killed a tengu warrior
  9886 | D:8      | Reached skill level 10 in Armour
  9899 | D:8      | Noticed a cyclops
  9905 | D:8      | a cyclops changed into a komodo dragon
  9906 | D:8      | Killed a manticore
 10148 | D:8      | Reached XP level 11. HP: 100/100 MP: 14/14
 10164 | D:8      | a black mamba changed into an entropy weaver
 10164 | D:8      | Noticed an entropy weaver (shapeshifter)
 10171 | D:8      | Reached skill level 5 in Invocations
 10179 | D:8      | an entropy weaver changed into a rime drake
 11208 | D:10     | Entered Level 10 of the Dungeon
 11774 | D:10     | Found a huge runed translucent gate.
 11774 | D:10     | Found a huge runed translucent gate.
 11775 | D:10     | Found a huge runed translucent gate.
 11792 | D:10     | Found a huge runed translucent gate.
 11792 | D:10     | Reached ** piety under the Shining One
 12052 | D:10     | Noticed a deep elf archer
 12466 | D:4      | Killed ahrifag's ghost
 12467 | D:4      | Reached skill level 10 in Shields
 13099 | D:11     | Found a staircase to the Lair.
 13193 | D:11     | Reached skill level 11 in Armour
 13413 | D:11     | Found Axziditwie's Antique Armour Shop.
 13480 | D:11     | Found Qant's Assorted Antiques.
 13484 | D:11     | Noticed Snorg
 13503 | D:11     | Killed Snorg
 13669 | D:11     | Found Syhumpy's Antique Armour Shop.
 13677 | D:11     | Bought an embroidered cloak for 202 gold pieces
 13805 | D:11     | Found Qoenoig's Weapon Shoppe.
 13813 | D:11     | Bought a +1 eveningstar of venom for 350 gold pieces
 13934 | D:11     | Noticed Josephine
 13963 | D:11     | Killed Josephine
 14134 | D:11     | Identified a scroll of acquirement
 14135 | D:11     | Acquired the +0 barding of the Snake Pit {rC+ Will++ Str+4}
 14381 | D:12     | Noticed a sixfirhy
 14438 | D:12     | Noticed a two-headed ogre
 14438 | D:12     | Noticed a green ugly thing
 14450 | D:12     | Killed a green ugly thing
 14454 | D:12     | Killed a two-headed ogre
 14455 | D:12     | Reached XP level 12. HP: 71/111 MP: 15/17
 14674 | D:12     | Found a staircase to the Orcish Mines.
 14687 | D:12     | Reached *** piety under the Shining One
 14757 | D:12     | Reached skill level 12 in Armour
 15037 | D:12     | Noticed a two-headed ogre
 15043 | D:12     | Noticed a two-headed ogre
 15049 | D:12     | Killed a two-headed ogre
 15076 | D:12     | Killed a two-headed ogre
 15314 | D:12     | Found a sacrificial altar of Ru.
 15852 | Lair:1   | Entered Level 1 of the Lair of Beasts
 15904 | Lair:1   | You fall into a shaft and drop 1 floor!
 15963 | Lair:2   | Got the Directory of the Gnat
 15969 | Lair:2   | Noticed a six-headed hydra
 15975 | Lair:2   | Killed a six-headed hydra
 16056 | Lair:2   | Found a staircase to the Snake Pit.
 16384 | Lair:2   | Reached skill level 10 in Fighting
 16771 | Lair:2   | Reached XP level 13. HP: 120/120 MP: 19/19
 17109 | Lair:1   | Found the dreamshard necklace {*Dream Drain}
 17369 | Lair:1   | Found a transporter.
 17431 | Lair:1   | Noticed Harold
 17432 | Lair:1   | Found a transporter.
 17446 | Lair:1   | Killed Harold
 17447 | Lair:1   | Reached skill level 13 in Armour
 17726 | Lair:1   | Reached skill level 10 in Maces & Flails
 18607 | Lair:3   | Found a staircase to the Swamp.
 18641 | Lair:3   | Upgraded the game from 0.30-a0-311-gf115ab0292 to
                  | 0.30-a0-313-gae38170b09
 18903 | Lair:3   | Found a shimmering altar of Xom.
 19820 | Lair:4   | Identified the +0 pair of boots of Ycozonek {rF- rCorr
                  | Str+8 Slay+3}
 19942 | Lair:4   | Reached skill level 14 in Armour
 20399 | Lair:4   | Found a runed translucent door.
 20399 | Lair:4   | Found a viscous altar of Jiyva.
 20399 | Lair:4   | Noticed an acid blob
 20400 | Lair:4   | Found a staircase to the Slime Pits.
 20400 | Lair:4   | Noticed an acid blob
 20400 | Lair:4   | Noticed an acid blob
 20588 | Lair:5   | Entered Level 5 of the Lair of Beasts
 20674 | Lair:5   | Reached **** piety under the Shining One
 20681 | Lair:5   | Reached XP level 14. HP: 99/132 MP: 20/20
 21232 | Lair:5   | Noticed Kirke
 21245 | Lair:5   | Killed Kirke
 22367 | Lair:5   | Reached skill level 15 in Armour
 24004 | D:13     | Noticed Urug
 24011 | D:13     | Killed Urug
 24114 | D:13     | Found a portal to a secret trove of treasure.
 24186 | D:13     | Reached XP level 15. HP: 136/142 MP: 21/21
 25022 | D:14     | Found a gate to the Vaults.
 25022 | D:14     | Reached ***** piety under the Shining One
 25234 | D:15     | Entered Level 15 of the Dungeon
 25456 | D:15     | Reached skill level 16 in Armour
 26203 | D:15     | Reached skill level 15 in Shields
 26255 | D:15     | Found a staircase to the Depths.
 27489 | Orc:1    | Entered Level 1 of the Orcish Mines
 27753 | Orc:1    | Noticed Fannar
 27761 | Orc:1    | Killed Fannar
 28225 | Orc:2    | Entered Level 2 of the Orcish Mines
 28264 | Orc:2    | Found a staircase to the Elven Halls.
 28332 | Orc:2    | Found a dark tunnel.
 28371 | Volcano  | Entered a volcano
 28584 | Orc:2    | Found Soanin's Antique Weapon Shoppe.
 28787 | Orc:2    | Found Voqiodghu's Antique Armour Emporium.
 28955 | Orc:2    | Bought a pair of embroidered gloves for 240 gold pieces
 28979 | Orc:2    | Found Pafaadown's Book Shoppe.
 29190 | Orc:2    | Found Licar's General Store.
 29191 | Orc:2    | Noticed Jorgrun
 29262 | Orc:2    | Killed Jorgrun
 29767 | Orc:1    | Reached XP level 16. HP: 154/154 MP: 23/23
 30932 | Swamp:1  | Entered Level 1 of the Swamp
 31198 | Swamp:1  | Noticed Nikola
 31210 | Swamp:1  | Killed Nikola
 31211 | Swamp:1  | Reached skill level 17 in Armour
 31401 | Swamp:1  | Reached skill level 10 in Invocations
 32723 | Swamp:3  | Noticed Mara
 32724 | Swamp:3  | Noticed nono's illusion
 32737 | Swamp:3  | Killed Mara
 33270 | Swamp:4  | Entered Level 4 of the Swamp
 33363 | Swamp:4  | Found a runed translucent door.
 33363 | Swamp:4  | Noticed Nuxue's ghost (journeyman OgIE)
 33373 | Swamp:4  | Noticed a thorn hunter
 33386 | Swamp:4  | Killed a thorn hunter
 33400 | Swamp:4  | Noticed a thorn hunter
 33541 | Swamp:4  | Noticed a thorn hunter
 33542 | Swamp:4  | Noticed a tentacled monstrosity
 33544 | Swamp:4  | Noticed a thorn hunter
 33550 | Swamp:4  | Killed a tentacled monstrosity
 33553 | Swamp:4  | Killed a thorn hunter
 33555 | Swamp:4  | Killed a thorn hunter
 33558 | Swamp:4  | Reached ****** piety under the Shining One
 33636 | Swamp:4  | Reached XP level 17. HP: 162/162 MP: 25/25
 33707 | Swamp:4  | Reached skill level 18 in Armour
 33726 | Swamp:4  | Got a decaying rune of Zot
 34065 | Swamp:4  | Identified a +4 sacred scourge of holy wrath (a +2 vampiric
                  | demon whip blessed by the Shining One)
 34065 | Swamp:4  | Received a gift from the Shining One
 34089 | Swamp:4  | Killed Nuxue's ghost
 34460 | Vaults:1 | Entered Level 1 of the Vaults
 34565 | Vaults:1 | HP: 7/164 [orc warlord/+0 long sword (9)]
 36172 | Vaults:1 | Reached XP level 18. HP: 155/173 MP: 27/27
 36286 | Vaults:1 | Identified the +6 triple crossbow of Wischem {speed, Drain
                  | rElec MP-9 Dex+2 SInv}
 36573 | Vaults:1 | Upgraded the game from 0.30-a0-313-gae38170b09 to
                  | 0.30-a0-322-g102857c98e
 36795 | Vaults:2 | Reached skill level 1 in Dodging
 37414 | Vaults:2 | Reached skill level 5 in Dodging
 37892 | Vaults:2 | Identified the +6 scale mail of the Moneychanger {rElec
                  | Int+5 Dex-3}
 38375 | Vaults:3 | Noticed Bai Suzhen
 38405 | Vaults:3 | Killed Bai Suzhen
 38407 | Vaults:3 | HP: 6/173 [ironbound thunderhulk/bolt of lightning (37)]
 38407 | Vaults:3 | Killed from afar by an ironbound thunderhulk

Illustrated notes

Levels and vault maps discovered:
D:1:      wheals_arrival_linesprint, layout_basic,
          hellmonk_ecumenical_altar_crossroads
D:2:      kennysheep_the_goblin_king, layout_loops_ring, basic_altar,
          chequers_decorated_corner, grunt_decor_one_mirror, minivault_26,
          uniq_sigmund
D:3:      cheibrodos_thug_alley, layout_rooms, minmay_increasing_density
D:4:      layout_basic, grunt_temple_overflow_open, gammafunk_ghost_split,
          gup_sewer_entry_bubbles
D:5:      layout_layer_cave, minmay_temple_entry_large_hall
D:6:      layout_gridville, kennysheep_mini_moat, st_stairs_6
D:7:      layout_loops_ring, mainiacjoe_overflow_small_starburst,
          gammafunk_temple_overflow_pools, mainiacjoe_overflow_divided_tiny,
          uniq_duvessa
D:8:      minmay_klotski, layout_rooms, kennysheep_kite_vault,
          uniq_prince_ribbit1, uniq_erica
D:9:      layout_stronghold, uniq_maggie
D:10:     lemuel_bear_cage, layout_rooms, wad_dig_loot
D:11:     layout_long_grid, erik_lair_island, serial_shops,
          nicolae_shop_window_shopping, nicolae_shop_stone,
          nicolae_shop_bloodbath_and_beyond, shop, uniq_snorg, uniq_josephine
D:12:     layout_cave_pools, orc_0_dummy, st_stairs_8, hangedman_ru_absence
D:13:     layout_loops_corners, nicolae_trove_entry_isolated, uniq_urug
D:14:     statuecave_lemuel, layout_rooms, david_vaults_1, chequers_arboretum
D:15:     gammafunk_enter_depths_forms, layout_loops_ring
Temple:   chequers_temple_sunken
Lair:1:   gammafunk_worm_tunnel, layout_cave_pods, pond, uniq_harold
Lair:2:   layout_loops_ring, minmay_snake_entry_guardpost_small,
          cheibrodos_lair_lostbears
Lair:3:   layout_cave_shapes, swamp_mist, basic_altar
Lair:4:   layout_gridlike, slime_entry_2, grunt_megastairs_1,
          lemuel_fruit_fields
Lair:5:   grunt_lair_end_beastmaster, layout_cave_pods,
          infiniplex_staircase_pool_2, uniq_kirke
Swamp:1:  layout_falls_marsh, evilmike_swamp_ruin_house_6,
          nicolae_swamp_necromancy_gone_wrong, uniq_nikola
Swamp:2:  layout_falls_marsh, evilmike_swamp_ruin_rubble_2, swamp_pool1,
          nicolae_swamp_oxbows
Swamp:3:  layout_falls_marsh, evilmike_swamp_ruin_rubble_1, uniq_mara
Swamp:4:  nzn_swamp_witches_coven, layout_basic_swamp,
          hellmonk_ghost_happy_afterlife
Orc:1:    nicolae_orc_accident_1, layout_diamond_mine, mines2_david, uniq_fannar
Orc:2:    grunt_orc_gardens, layout_diamond_mine, grunt_orc_garden,
          grunt_orc_garden, grunt_orc_garden, grunt_orc_garden,
          nicolae_volcano_entry_vermiform, uniq_jorgrun
Vaults:1: vaults_room_stairs_pillars, nicolae_vaults_yaktaur_gun_rack,
          ontoclasm_vaults_fault, v_rooms_2, st_squares,
          nicolae_vaults_hallways_thing, ontoclasm_vaults_decontamination,
          vaults_mumra_hex, nicolae_vaults_sealed_display,
          nicolae_vaults_little_squares_5, v_misc_9, vaults_dpeg_encased_lava,
          v_misc_3, nicolae_vaults_shelves_hall, layout_vaults_maze_snakey
Vaults:2: nicolae_vaults_angled_halls, nicolae_vaults_circle_grid_b,
          nicolae_vaults_windows_and_doors_thing, grunt_vaults_swirl, v_misc_11,
          vaults_room_stairs_pillars, ontoclasm_vaults_shuriken,
          vaults_room_semicircle, v_misc_1, layout_vaults_omnigrid
Vaults:3: v_pattern_3, hangedman_vaults_trim, nicolae_vaults_network_square,
          v_misc_17, vaults_room_grunt_arrival_checkpoint,
          ontoclasm_vaults_ring_small, minmay_crypt_entry_necro_gods,
          vaults_room_fours, dpeg_vaults_monster_box, layout_vaults_big_room,
          serial_shops, nicolae_shop_crystal, uniq_margery, uniq_boris,
          uniq_bai_suzhen, uniq_saint_roka

Skill      XL: |  1  2  3  4  5  6  7  8  9 10 11 12 13 14 15 16 17 18 |
---------------+-------------------------------------------------------+-----
Maces & Flails | 2 3 4 5 6 7 8 9 10 12 13 14 | 14.7
Fighting       | 3 4 5 6 7 8 9 10 11 12 13 14 | 14.9
Armour         | 4 5 6 7 9 10 11 12 14 15 16 17 18 | 18.9
Shields        | 4 5 6 7 8 9 10 11 13 14 15 16 17 | 17.5
Invocations    | 3 4 6 8 9 11 12 | 12.4
Dodging        | 7 |  7.0

Action                   |  1- 3 |  4- 6 |  7- 9 | 10-12 | 13-15 | 16-18 || total
-------------------------+-------+-------+-------+-------+-------+-------++-------
Melee: Flail             |    45 |   298 |   172 |       |       |       ||   515
       Tailslap          |     4 |    19 |    64 |   156 |   270 |   344 ||   857
       Whip              |       |       |    44 |       |       |       ||    44
       Mace              |       |       |   266 |   449 |       |       ||   715
       Eveningstar       |       |       |       |   279 |  1124 |   501 ||  1904
       Sacred scourge    |       |       |       |       |       |   779 ||   779
Invok: Divine Shield     |       |       |     4 |    11 |    11 |    15 ||    41
       Summon Divine War |       |       |       |       |       |     1 ||     1
       Brand Weapon With |       |       |       |       |       |     1 ||     1
Evoke: Wand              |       |       |       |     5 |     3 |     1 ||     9
  Use: Potion            |     1 |     2 |     5 |     9 |     3 |     8 ||    28
       Scroll            |       |     9 |     3 |     7 |    13 |    23 ||    55
Armor: Scale mail        |    25 |   185 |   109 |       |       |       ||   319
       Chain mail        |       |       |    72 |       |       |   600 ||   672
       Plate armour      |       |       |   130 |   532 |   693 |   139 ||  1494
       Gold dragon scale |       |       |       |       |       |   265 ||   265
Dodge: Dodged            |    14 |   116 |   142 |   163 |   163 |   192 ||   790
Block: Buckler           |     4 |    66 |   159 |   432 |   684 |    18 ||  1363
       Reflection        |       |       |       |     3 |    21 |    12 ||    36
       Kite shield       |       |       |       |       |       |   922 ||   922

Table legend: (Time is in decaauts)
 A = Elapsed time spent in this place.
 B = Non-inter-level travel time spent in this place.
 C = Inter-level travel time spent in this place.
 D = Time resting spent in this place.
 E = Time spent auto-exploring this place.
 F = Levels seen in this place.
 G = Mean time per level.
                   A        B        C        D        E       F      G
               +--------+--------+--------+--------+--------+-----+--------+
         Total |  38343 |  34947 |   3396 |   2096 |  25440 |  32 | 1198.2 |
       Dungeon |  20533 |  18337 |   2196 |    850 |  14011 |  15 | 1368.9 |
        Temple |     24 |      3 |     21 |      0 |      0 |   1 |   24.0 |
          Lair |   8058 |   7561 |    497 |    664 |   5457 |   5 | 1611.6 |
         Swamp |   3248 |   2966 |    282 |     61 |   2080 |   4 |  812.0 |
  Orcish Mines |   2441 |   2212 |    229 |     43 |   1703 |   2 | 1220.5 |
        Vaults |   3465 |   3296 |    169 |    326 |   2077 |   3 | 1155.0 |
         Sewer |    397 |    397 |      0 |    152 |    110 |   1 |  397.0 |
       Volcano |    173 |    173 |      0 |      0 |      0 |   1 |  173.0 |
               +--------+--------+--------+--------+--------+-----+--------+

Top non-repeatable levels by time:
     D:8: 2358 daAuts
  Lair:1: 2317 daAuts
  Lair:5: 2241 daAuts
    D:11: 1979 daAuts
Vaults:2: 1950 daAuts
    D:15: 1571 daAuts
     D:5: 1555 daAuts
    D:12: 1528 daAuts
Vaults:1: 1436 daAuts
   Orc:2: 1431 daAuts
     D:6: 1420 daAuts
    D:10: 1336 daAuts
  Lair:2: 1276 daAuts
    D:13: 1229 daAuts
     D:3: 1210 daAuts
